 Dungeon Crawl Stone Soup version 0.30.0-12-gd5a94ecb5d (webtiles) character file.

Game seed: 304621869635746829

20474 MacCMillion the Marksspriggan (level 12, -1/64 HPs)
             Began as a Spriggan Hunter on May 17, 2023.
             Was the Champion of Okawaru.
             Slain by a redback (12 damage)
             ... on level 2 of the Lair of Beasts.
             The game lasted 00:31:07 (22049 turns).

MacCMillion the Marksspriggan (Spriggan Hunter)    Turns: 22049, Time: 00:31:08

Health: -1/64      AC:  7    Str:  7    XL:     12   Next: 45%
Magic:  0/13       EV: 29    Int: 11    God:    Okawaru [******]
Gold:   714        SH:  0    Dex: 23    Spells: 11/11 levels left

rFire   . . .        a - +0 shortbow
rCold   . . .        (shield currently unavailable)
rNeg    . . .        L - +0 steam dragon scales
rPois   .            (helmet restricted)
rElec   .            G - +1 cloak {Stlth+}
rCorr   +            (gloves unavailable)
SInv    +            (boots unavailable)
Will    +++..        F - amulet of guardian spirit
Stlth   ++++         v - ring of willpower
HPRegen 0.30/turn    E - ring of resist corrosion
MPRegen 0.13/turn

%: guardian spirit
@: lethally poisoned (-1 -> -38), very quick
A: very small, no large weapons, unfitting armour, see invisible, speed 3
a: Renounce Religion, Heroism, Finesse, Duel


You were on level 2 of the Lair of Beasts.
You worshipped Okawaru.
Okawaru was exalted by your worship.
You visited 3 branches of the dungeon, and saw 14 of its levels.

You collected 810 gold pieces.
You spent 96 gold pieces at shops.

Inventory:

Hand Weapons
 a - a +0 shortbow (weapon)
 N - a +0 whip
Missiles
 M - 15 poisoned darts (quivered)
Armour
 c - a +0 robe
 G - a +1 cloak of stealth (worn)
 H - a +0 troll leather armour
 L - +0 steam dragon scales (worn)
Jewellery
 f - a ring of ice
 v - a ring of willpower (left hand)
 z - an amulet of reflection
 E - a ring of resist corrosion (right hand)
 F - an amulet of guardian spirit (around neck)
Wands
 u - a wand of flame (35)
 x - a wand of roots (5)
 y - a wand of acid (15)
Scrolls
 b - 3 scrolls of immolation
 d - 2 scrolls of brand weapon {unknown}
 e - 3 scrolls of amnesia {unknown}
 h - 2 scrolls of blinking {unknown}
 i - a scroll of torment {unknown}
 o - 4 scrolls of teleportation
 p - 7 scrolls of identify {unknown}
 q - 3 scrolls of enchant armour {unknown}
 s - 3 scrolls of magic mapping {unknown}
 t - a scroll of silence {unknown}
 w - 2 scrolls of fear {unknown}
 A - 2 scrolls of vulnerability {unknown}
Potions
 g - 3 potions of brilliance {unknown}
 j - a potion of invisibility {unknown}
 k - 2 potions of magic {unknown}
 l - 3 potions of haste {unknown}
 m - a potion of heal wounds
 n - 3 potions of flight {unknown}
 r - 5 potions of curing
 B - a potion of attraction {unknown}
 C - 3 potions of cancellation {unknown}
 D - 3 potions of degeneration {unknown}
 I - a potion of lignification {unknown}
Miscellaneous
 J - a lightning rod (4/4)
 K - a phial of floods


   Skills:
 + Level 8.0 Fighting
 - Level 16.0 Ranged Weapons
 + Level 12.3 Dodging
 - Level 4.0 Stealth
 - Level 5.0 Evocations


You had 11 spell levels left.
You didn't know any spells.
Your spell library contained the following spells:

 Spells                   Type           Power      Damage    Failure   Level
 Apportation              Tloc           0%         N/A       34%         1
 Kiss of Death            Conj/Necr      0%         2d5       34%         1
 Magic Dart               Conj           0%         1d3       34%         1
 Cigotuvi's Dreadful Rot  Necr/Pois/Air  0%         N/A       47%         2
 Ensorcelled Hibernation  Hex/Ice        0%         N/A       47%         2
 Lesser Beckoning         Tloc           0%         N/A       47%         2
 Scorch                   Fire           0%         2d5       47%         2
 Confusing Touch          Hex            0%         N/A       71%         3
 Frozen Ramparts          Ice            0%         1d1       71%         3
 Gell's Gravitas          Tloc           0%         N/A       71%         3
 Ignite Poison            Fire/Tmut/Pois 0%         N/A       71%         3
 Mephitic Cloud           Conj/Pois/Air  0%         N/A       71%         3
 Spider Form              Tmut/Pois      0%         N/A       71%         3
 Teleport Other           Tloc           0%         N/A       71%         3
 Anguish                  Hex/Necr       0%         N/A       98%         4
 Cause Fear               Hex            0%         N/A       98%         4
 Dispel Undead            Necr           0%         3d6       98%         4
 Flame Wave               Conj/Fire      0%         2d4       98%         4
 Ice Form                 Ice/Tmut       0%         N/A       98%         4
 Alistair's Intoxication  Tmut/Pois      0%         N/A       100%        5
 Blade Hands              Tmut           0%         N/A       100%        5
 Freezing Cloud           Conj/Ice/Air   0%         6-21      100%        5
 Irradiate                Conj/Tmut      0%         3d11      100%        5
 Dragon Form              Tmut           0%         N/A       100%        7
 Enfeeble                 Hex            0%         N/A       100%        7
 Call Imp                 Summ           Unusable   N/A       N/A         2
 Summon Ice Beast         Ice/Summ       Unusable   N/A       N/A         4
 Summon Cactus Giant      Summ           Unusable   N/A       N/A         6

Dungeon Overview and Level Annotations

Branches:
Dungeon (11/15)            Temple (1/1) D:7            Lair (2/5) D:11
  Swamp: Lair:2-3    Shoals: Lair:2-3     Snake: Lair:2-3    Spider: Lair:2-3
    Orc: D:9-12

Altars:
Ashenzari
Cheibriados
Dithmenos
Elyvilon
Fedhas
Gozag
Hepliaklqana
Kikubaaqudgha
Makhleb
Nemelex Xobeh
Okawaru
Qazlal
Ru
Sif Muna
Trog
Uskayaw
Vehumet
Wu Jian
Xom
Yredelemnul
Zin
The Shining One

Shops:
D:3 (   D:5 !

Annotations:
D:7 2 runed translucent doors, exclusion: orange crystal statue
D:8 3 runed translucent doors, gimhalos's ghost, novice SpEn
D:10 Gastronok
Lair:1 Joseph


Innate Abilities, Weirdness & Mutations

You are very small and have problems with some larger weapons.
You are too small for most types of armour.
You have supernaturally acute eyesight. (SInv)
You cover ground extremely quickly. (Speed+++)


Message History

The redback bites you.
You are lethally poisoned!
The redback poisons you! The jumping spider pounces on you!
The jumping spider barely misses you.
The web tears apart.
* * * LOW HITPOINT WARNING * * *
You feel extremely sick. The redback barely misses you.
The jumping spider closely misses you.
The jumping spider bites you but does no damage.
The jumping spider closely misses you. The jumping spider bites you.
* * * LOW HITPOINT WARNING * * *
The jumping spider pounces on you.
* * * LOW HITPOINT WARNING * * *
You are caught in a web!
The jumping spider bites you but does no damage.
The jumping spider pounces on you but does no damage.
The jumping spider completely misses you.
The redback barely misses you.
Unknown command.
You feel better. The redback misses you. The jumping spider misses you.
The jumping spider bites you but does no damage.
The jumping spider barely misses you. The jumping spider bites you.
* * * LOW HITPOINT WARNING * * *
You feel much better. The redback barely misses you.
The jumping spider pounces on you!
* * * LOW HITPOINT WARNING * * *
You are even more entangled.
The jumping spider closely misses you. The jumping spider pounces on you!
* * * LOW HITPOINT WARNING * * *
You are even more entangled.
The jumping spider barely misses you.
The jumping spider leaps! x2; The redback bites you.
* * * LOW HITPOINT WARNING * * *
You feel much better. The redback bites you.
You are lethally poisoned!
The redback poisons you!
The jumping spider leaps!
The web tears apart.
* * * LOW HITPOINT WARNING * * *
You feel extremely sick. The redback bites you!
You die...

#.⌠.###..s##s.^.^#
###...###...°##^.^^^
##.......###s#.##○..^
##.........##.#..# ^..
###............#...# ..
#....#....##.....#s####.
#...###.⌠.###...#.....###
##..####...##.#.s.#......##
#...##......###.@.........###
#>†⌠.##..>..# #⌠.<..........#
#...##......###..s#...#.....###.
.#...##....#..#...##..##.#.....#
##....##.⌠.###...###.###...##.##
###...##....#...## ####.##.....#
..##...........#####.......P...#
..###..........##..........###..
.....#.......#.#.##.#......# #


You could see 2 jumping spiders and a redback.

Vanquished Creatures
  A hydra (Lair:2)
  A boulder beetle (Lair:2)
  2 two-headed ogres
  Sonja (D:10)
  An oklob plant (D:11)
  A cyclops (D:10)
  Maurice (D:10)
  5 cane toads (Lair:1)
  An unseen horror (D:10)
  4 komodo dragons (Lair:1)
  6 trolls
  3 blink frogs (Lair:1)
  Sigmund (D:6)
  2 wraiths
  40 yaks
  A shadow (D:11)
  3 basilisks
  2 wyverns
  2 steam dragons
  9 water moccasins
  An ice beast (D:6)
  A black bear (Lair:1)
  An orc warrior (D:8)
  7 centaurs
  7 wolves (Lair:1)
  A phantom (D:6)
  A kobold brigand (D:9)
  8 bullfrogs
  6 wights
  8 killer bees
  7 howler monkeys
  3 orc priests
  2 hounds
  Ijyb (D:3)
  A gnoll bouda (D:7)
  Jessica (D:3)
  An iguana (D:6)
  6 orc wizards
  4 hell rats (Lair:1)
  3 gnolls (D:7)
  5 adders
  A white imp (D:6)
  An ufetubus (D:4)
  2 worms (D:3)
  2 dart slugs (D:2)
  41 orcs
  6 bats
  10 endoplasms
  4 giant cockroaches
  3 goblins
  A hobgoblin (D:4)
  2 jackals (D:1)
  3 quokkas
  8 ball pythons
  3 frilled lizards
  17 kobolds
  6 rats
272 creatures vanquished.

Notes
Turn   | Place    | Note
-------+----------+-------------------------------------------
     0 | D:1      | MacCMillion the Spriggan Hunter began the quest for the
                  | Orb.
     0 | D:1      | Reached XP level 1. HP: 10/10 MP: 2/2
   158 | D:1      | Reached XP level 2. HP: 14/14 MP: 3/3
   929 | D:2      | Found a faded altar of an unknown god.
   935 | D:2      | Reached XP level 3. HP: 15/18 MP: 4/4
  1665 | D:3      | Noticed Jessica
  1668 | D:3      | Killed Jessica
  1669 | D:3      | Reached skill level 5 in Ranged Weapons
  1669 | D:3      | Reached XP level 4. HP: 22/22 MP: 5/5
  1698 | D:3      | Found a glowing golden altar of the Shining One.
  1756 | D:3      | Found a shadowy altar of Dithmenos.
  1762 | D:3      | Noticed Ijyb
  2119 | D:3      | Found Eskots's Antique Weapon Shoppe.
  2175 | D:3      | HP: 1/22 [constriction (4)]
  2935 | D:4      | Reached XP level 5. HP: 25/25 MP: 6/6
  2947 | D:4      | Reached skill level 6 in Ranged Weapons
  2968 | D:4      | Found a sparkling altar of Nemelex Xobeh.
  3098 | D:4      | Found an ornate altar of the Wu Jian Council.
  3543 | D:5      | Entered Level 5 of the Dungeon
  3553 | D:5      | Noticed a centaur
  3900 | D:5      | Found Pauzucsuerph's Distillery.
  3920 | D:5      | Bought a potion of heal wounds for 60 gold pieces
  3920 | D:5      | Bought a potion of curing for 36 gold pieces
  3957 | D:5      | Reached XP level 6. HP: 30/30 MP: 7/7
  4604 | D:6      | Noticed a yak
  4605 | D:6      | Noticed a yak
  4608 | D:6      | Noticed a yak
  4610 | D:6      | Noticed a yak
  4647 | D:6      | Killed a yak
  4648 | D:6      | Reached skill level 7 in Ranged Weapons
  4659 | D:6      | Killed a yak
  4660 | D:6      | Reached skill level 8 in Ranged Weapons
  4660 | D:6      | Reached XP level 7. HP: 26/33 MP: 8/8
  4727 | D:6      | Killed a yak
  4735 | D:6      | Killed a yak
  4736 | D:6      | Reached skill level 9 in Ranged Weapons
  4895 | D:6      | Noticed Sigmund
  4901 | D:6      | Killed Sigmund
  4902 | D:6      | Reached skill level 10 in Ranged Weapons
  4902 | D:6      | Reached XP level 8. HP: 36/39 MP: 9/9
  4971 | D:6      | Reached skill level 1 in Evocations
  5311 | D:7      | Noticed a two-headed ogre
  5580 | D:6      | Killed a two-headed ogre
  6054 | D:7      | Found a runed translucent door.
  6085 | D:7      | Reached skill level 5 in Dodging
  6086 | D:7      | Reached XP level 9. HP: 37/44 MP: 10/10
  6116 | D:7      | Reached skill level 11 in Ranged Weapons
  6319 | D:7      | Found the +10 tower shield of Ignorance {rN+ Int-4}
  6340 | D:7      | Found a runed translucent door.
  6341 | D:7      | Noticed an orange crystal statue
  6396 | D:7      | Found a stormy altar of Qazlal.
  6866 | D:7      | Found a staircase to the Ecumenical Temple.
  6895 | Temple   | Entered the Ecumenical Temple
  6987 | Temple   | Became a worshipper of Warmaster Okawaru
  7077 | D:7      | Identified the +4 short sword of the Brain {freeze, rN+
                  | Will+}
  8006 | D:8      | Found a blossoming altar of Fedhas.
  8192 | D:8      | Found a runed translucent gate.
  8192 | D:8      | Found an opulent altar of Gozag.
  8193 | D:8      | Found a runed translucent gate.
  8194 | D:8      | Found a runed translucent gate.
  8194 | D:8      | Noticed a two-headed ogre
  8195 | D:8      | Noticed gimhalos's ghost (novice SpEn)
  8367 | D:9      | Reached skill level 5 in Evocations
  8655 | D:9      | Reached * piety under Okawaru
  8948 | D:8      | Found a hazy altar of Hepliaklqana.
  8949 | D:8      | Found a sacrificial altar of Ru.
  8951 | D:8      | Found a white marble altar of Elyvilon.
  8955 | D:8      | Found a radiant altar of Vehumet.
  9322 | D:8      | Found a blossoming altar of Fedhas.
  9379 | D:8      | Reached skill level 12 in Ranged Weapons
  9653 | D:8      | Found a hazy altar of Hepliaklqana.
  9654 | D:8      | Found a sacrificial altar of Ru.
  9656 | D:8      | Found a white marble altar of Elyvilon.
  9660 | D:8      | Found a radiant altar of Vehumet.
 10259 | D:5      | Found Pauzucsuerph's Distillery.
 11291 | D:3      | Found a glowing golden altar of the Shining One.
 11349 | D:3      | Found Eskots's Antique Weapon Shoppe.
 11371 | D:3      | HP: 2/46 [constriction (3)]
 11821 | D:3      | Killed Ijyb
 12176 | D:3      | Found a shadowy altar of Dithmenos.
 12668 | D:9      | Reached XP level 10. HP: 51/51 MP: 11/11
 13106 | D:9      | Reached ** piety under Okawaru
 14369 | D:10     | Entered Level 10 of the Dungeon
 14428 | D:10     | Noticed Maurice
 14521 | D:10     | Reached skill level 5 in Fighting
 14566 | D:10     | Killed Maurice
 14577 | D:10     | Noticed Gastronok
 14879 | D:10     | Noticed Sonja
 14886 | D:10     | Killed Sonja
 14887 | D:10     | Reached skill level 13 in Ranged Weapons
 14919 | D:10     | Reached *** piety under Okawaru
 15677 | D:11     | Noticed a two-headed ogre
 15754 | D:10     | Killed a two-headed ogre
 15870 | D:10     | Reached XP level 11. HP: 47/56 MP: 12/12
 15893 | D:10     | Reached **** piety under Okawaru
 16237 | D:10     | Reached skill level 14 in Ranged Weapons
 16346 | D:10     | Reached skill level 10 in Dodging
 16470 | D:11     | Reached ***** piety under Okawaru
 16609 | D:11     | Received a gift from Okawaru
 16629 | D:11     | Noticed an oklob plant
 16652 | D:11     | Killed an oklob plant
 16918 | D:11     | Found a staircase to the Lair.
 17129 | Lair:1   | Entered Level 1 of the Lair of Beasts
 17642 | Lair:1   | Received a gift from Okawaru
 17643 | Lair:1   | Reached skill level 15 in Ranged Weapons
 17883 | Lair:1   | Found a hide-covered altar of Uskayaw.
 17883 | Lair:1   | Noticed a boulder beetle
 18196 | Lair:1   | Reached XP level 12. HP: 60/63 MP: 13/13
 18549 | Lair:1   | Found an ornate altar of the Wu Jian Council.
 19068 | Lair:1   | Noticed Joseph
 19088 | Lair:1   | Received a gift from Okawaru
 20751 | Lair:2   | Killed a boulder beetle
 21554 | Lair:2   | Noticed a catoblepas
 21817 | Lair:2   | Noticed a seven-headed hydra
 21857 | Lair:2   | Killed a seven-headed hydra
 21857 | Lair:2   | Reached ****** piety under Okawaru
 21858 | Lair:2   | Reached skill level 16 in Ranged Weapons
 22049 | Lair:2   | Slain by a redback

Illustrated notes

Levels and vault maps discovered:
D:1:      minmay_arrival_plants_in_alcoves, layout_basic
D:2:      layout_basic, shapermc_ecumenical_altar_mp_ritualfount, minivault_25
D:3:      layout_loops_ring, tso_metal_star, nicolae_dithmenos_the_darkroom,
          serial_shops, nicolae_shop_rolling_square, nicolae_titane,
          uniq_jessica, uniq_ijyb
D:4:      layout_cave_pods, nemelex_diamond_rough_becter,
          mainiacjoe_overflow_alcove_1, serial_park, serial_park_tiny_2,
          serial_park_fountain, serial_park_square3
          [serial_park_minivault_5x5_7], serial_park_square1
          [serial_park_minivault_5x5_3]
D:5:      layout_cave_pods, nicolae_stop_n_shop_1
D:6:      layout_loops_ring, uniq_sigmund
D:7:      layout_gridville, nicolae_qazlal_scattered_showers, temple_doors_e,
          hangedman_decor_lopped, grunt_decor_one_mirror,
          chequers_guarded_unrand_ignorance
D:8:      layout_loops_ring, overflow_temple_1_default, minitemple,
          ebering_ghost_gozag
D:9:      layout_cave_pods
D:10:     layout_irregular_city, uniq_sonja, uniq_maurice, uniq_gastronok
D:11:     layout_cave_pools, dpeg_oklobed_lair
Temple:   nicolae_temple_hex_pool
Lair:1:   layout_roguey, nzn_masters_of_martial_movement, uniq_joseph
Lair:2:   layout_cave_shapes, spider_nest_entry_funnel_web, serial_bayou_pond_a,
          grunt_megastairs_5

Skill      XL: |  1  2  3  4  5  6  7  8  9 10 11 12 |
---------------+-------------------------------------+-----
Stealth        | 2 3 4 |  4.0
Ranged Weapons | 5 6 8 10 12 13 15 16 | 16.0
Dodging        | 3 5 7 9 11 12 | 12.3
Fighting       | 3 4 5 7 8 |  8.0
Evocations     | 3 5 |  5.0

Action                     |  1- 3 |  4- 6 |  7- 9 | 10-12 || total
---------------------------+-------+-------+-------+-------++-------
   Fire: Shortbow          |    84 |   158 |   455 |  1249 ||  1946
  Throw: Dart              |       |       |       |     3 ||     3
 Invoke: Heroism           |       |       |       |     2 ||     2
  Evoke: Wand              |       |       |     3 |     4 ||     7
    Use: Potion            |       |       |     2 |     3 ||     5
         Scroll            |       |       |     1 |       ||     1
 Armour: Robe              |     3 |     2 |     8 |     3 ||    16
         Steam dragon scal |       |       |       |    20 ||    20
         Troll leather arm |       |       |       |     5 ||     5
  Dodge: Dodged            |    17 |    39 |   129 |   429 ||   614
